AoeStats
← MatzeAoE

MegaRandom

505088156Analyzed
2v2 RM · 24d ago on Sep 7, 2026· 49m 1s· 4 players
Game mode
Random Map
Map size
Medium (4 player)
Population
200
Speed
Normal
Resources
Standard
Victory
Conquest
Starting age
Dark Age
Ending age
Imperial Age
RankedLock teamsTeams togetherTeam positionsShared explorationLock speedFull tech treeHidden civsTurbo modeCheats
Victory
Defeat
🇩🇪 Spanish · Germany
1507
+9
🇩🇪 Cumans · Germany
1363
+15
🇧🇪 Lithuanians · Belgium
1360
-13
🇫🇷 Vietnamese · France
1318
-11
Sun
4:21 Loom
9:09 Feudal Age
11:12 Forging
21:02 Castle Age
19:18 Town Watch
19:29 Horse Collar
19:37 Double-Bit Axe
20:09 Scale Barding Armor
20:24 Gold Mining
22:22 Iron Casting
22:14 Husbandry
22:51 Bloodlines
25:14 Bow Saw
27:53 Wheelbarrow
30:15 Chain Barding Armor
31:50 Stone Mining
32:03 Heavy Plow
34:19 Stone Shaft Mining
36:03 Hand Cart
36:41 Town Patrol
40:46 Fletching
43:01 Bodkin Arrow
44:17 Ballistics
47:06 Caravan
IneedMoney$
7:15 Loom
9:38 Feudal Age
10:29 Man-at-Arms
11:19 Double-Bit Axe
15:57 Fletching
19:01 Wheelbarrow
22:39 Castle Age
20:23 Horse Collar
21:03 Padded Archer Armor
21:53 Gold Mining
22:45 Crossbowman
23:56 Bodkin Arrow
25:09 Leather Archer Armor
27:41 Scale Mail Armor
27:52 Forging
30:19 Ballistics
31:20 Squires
32:27 Bow Saw
36:45 Hand Cart
36:59 Thumb Ring
43:30 Imperial Age
42:49 Heavy Plow
42:40 Stone Mining
45:15 Chemistry
43:36 Arbalester
44:17 Bracer
44:47 Ring Archer Armor
43:46 Capped Ram
45:52 Two-Man Saw
45:25 Crop Rotation
MatzeAoE
6:46 Loom
10:14 Feudal Age
11:12 Double-Bit Axe
18:16 Castle Age
16:17 Stone Mining
19:19 Bow Saw
18:51 Fishing Lines
19:37 Gillnets
20:25 Wheelbarrow
20:19 Padded Archer Armor
20:18 Gold Mining
21:14 Leather Archer Armor
22:09 Town Watch
22:48 Hand Cart
26:56 Horse Collar
27:23 Herbal Medicine
29:15 Town Patrol
30:03 Fervor
35:39 Imperial Age
33:25 Husbandry
33:36 Bloodlines
36:20 Caravan
36:38 Guilds
35:53 Pikeman
37:07 Ring Archer Armor
36:39 Elite Conquistador
37:50 Conscription
39:41 Supremacy
39:55 Coinage
42:07 Banking
45:00 Two-Man Saw
46:41 Ballistics
46:18 Fletching
Red_Iffun
5:35 Loom
12:21 Feudal Age
18:44 Double-Bit Axe
18:51 Horse Collar
24:12 Castle Age
22:59 Scale Barding Armor
22:50 Gold Mining
23:35 Fishing Lines
24:20 Forging
25:51 Heavy Plow
26:21 Bow Saw
27:51 Bloodlines
28:40 Gillnets
29:54 Stone Mining
30:01 Town Watch
31:22 Wheelbarrow
31:13 Fletching
33:43 Hand Cart
34:08 Bodkin Arrow
34:34 Chain Barding Armor
38:02 Gold Shaft Mining
40:01 Iron Casting
42:58 Imperial Age
41:15 Steppe Husbandry
42:40 Capped Ram
43:29 Elite Steppe Lancer
43:39 Cavalier
44:06 Siege Ram
45:42 Plate Barding Armor
46:08 Blast Furnace
45:09 Padded Archer Armor
45:37 Parthian Tactics
44:35 Heavy Cavalry Archer
45:21 Paladin
47:17 Thumb Ring
Connection lost

Rejoining the realm…

Still unreachable

The connection could not be restored.

Session expired

The server has moved on; the page needs a fresh start.